 Dungeon Crawl Stone Soup version 0.31-a0-981-geadf994542 (webtiles) character file.

Game seed: 11678963011051089460

99745 Dittersdorf the Peltast (level 16, -3/112 HPs)
             Began as a Gargoyle Fighter on Oct 31, 2023.
             Was the Champion of Okawaru.
             Slain by a salamander
             ... wielding a +4 halberd
              (23 damage)
             ... on level 2 of the Snake Pit.
             The game lasted 00:38:57 (21268 turns).

Dittersdorf the Peltast (Gargoyle Fighter)         Turns: 21268, Time: 00:38:57

Health: -3/112     AC: 49    Str: 32      XL:     16   Next: 25%
Magic:  1/16       EV: 11    Int: 11 (13) God:    Okawaru [******]
Gold:   820        SH: 19    Dex: 11      Spells: 13/15 levels left

rFire   . . .        P - +2 eveningstar (protect)
rCold   + . .        z - +2 kite shield {rC+}
rNeg    + . .        k - +7 scale mail "Toikkoed" {Str+3 Dex+2}
rPois   ∞            l - +0 helmet {Int+3}
rElec   +            F - +1 cloak
rCorr   .            f - +0 pair of gloves
SInv    +            o - +1 pair of boots of the Blessed Realm {rElec SInv}
Will    ++...        g - amulet of regeneration
Stlth   +            K - ring of the Octopus King {Wiz HP+2 AC+2 EV+2 SH+2}
HPRegen 1.18/turn    a - ring of Buid {Wiz Will+ Str+2}
MPRegen 0.15/turn

%: wizardry (x2)
@: heroic, under a protective aura, flying, constricted
A: sickness immunity, AC +12, big wings, negative energy resistance 1,
electricity resistance, torment resistance 1, petrification resistance
a: Renounce Religion, Heroism, Finesse, Duel, Receive Weapon, Receive Armour


You were on level 2 of the Snake Pit.
You worshipped Okawaru.
Okawaru was exalted by your worship.
You visited 4 branches of the dungeon, and saw 24 of its levels.
You also visited: Gauntlet and Ice Cave.

You collected 3245 gold pieces.
You spent 2425 gold pieces at shops.

Inventory:

Hand Weapons
 P - a +2 eveningstar of protection (weapon)
Missiles
 J - 15 silver javelins (quivered)
 M - a throwing net
Armour
 f - a +0 pair of gloves (worn)
 k - the +7 scale mail "Toikkoed" (worn) {Str+3 Dex+2}
   (You found it on level 2 of the Lair of Beasts)

   Str+3:     It affects your strength (+3).
   Dex+2:     It affects your dexterity (+2).
 l - a +0 helmet of intelligence (worn)
 o - the +1 pair of boots of the Blessed Realm (worn) {rElec SInv}
   (You found it in a Gauntlet)

   rElec:     It insulates you from electricity.
   SInv:      It lets you see invisible.
 p - the orb of Amorous Creativity {*channel, Regen+ Str+2}
   (You found it on level 13 of the Dungeon)

   Str+2:     It affects your strength (+2).
   Regen+:    It increases your rate of health regeneration.
 x - a +3 chain mail of fire resistance
 z - a +2 kite shield of cold resistance (worn)
 F - a +1 cloak (worn)
Magical Staves
 H - a staff of earth
Jewellery
 a - the ring of Buid (right hand) {Wiz Will+ Str+2}
   (You bought it in a shop on level 2 of the Orcish Mines)

   [ring of wizardry]

   Wiz:       It improves your spell success rate.
   Str+2:     It affects your strength (+2).
   Will+:     It increases your willpower.
 c - a ring of ice
 g - an amulet of regeneration (around neck)
 C - a ring of positive energy
 E - the ring "Neduom" {Fire Fly Will+++ Slay-2 SInv}
   (You found it in a Gauntlet)

   [ring of fire]

   Fire:      It enhances your fire magic.
   Slay-2:    It affects your accuracy & damage with ranged weapons and melee
   (-2).
   rF+:       It protects you from fire.
   rC-:       It makes you vulnerable to cold.
   Will+++:   It greatly increases your willpower.
   SInv:      It lets you see invisible.
   Fly:       It grants you flight.
 G - a ring of resist corrosion
 K - a ring of the Octopus King (left hand) {Wiz HP+2 AC+2 EV+2 SH+2}
   (You found it on level 5 of the Lair of Beasts)

   [ring of wizardry]

   Wiz:       It improves your spell success rate.
   AC+2:      It affects your AC (+2).
   EV+2:      It affects your evasion (+2).
   HP+2:      It affects your health (+2).
   SH+2:      It affects your SH (+2).
Wands
 A - a wand of digging (4)
 B - a wand of iceblast (16)
 D - a wand of quicksilver (14)
Scrolls
 b - a scroll of silence
 e - 5 scrolls of identify
 n - 7 scrolls of poison
 u - 5 scrolls of blinking
 w - 11 scrolls of teleportation
 y - 6 scrolls of fear
 I - a scroll of enchant armour
 L - a scroll of revelation
 N - a scroll of brand weapon
Potions
 d - 7 potions of might
 h - 5 potions of mutation
 i - 3 potions of brilliance
 j - 2 potions of magic
 m - 4 potions of berserk rage
 q - 4 potions of ambrosia
 r - 6 potions of curing
 s - 5 potions of heal wounds
 t - 7 potions of enlightenment
 v - 3 potions of haste


   Skills:
 + Level 16.0(21.0) Fighting
 + Level 14.7(19.7) Maces & Flails
 + Level 16.0(21.0) Armour
 + Level 16.1(21.1) Shields


You had 13 spell levels left.
You knew the following spells:

 Your Spells              Type           Power      Damage    Failure   Level
a - Passwall              Tmut/Erth      0%         N/A       22%         2

Your spell library contained the following spells:

 Spells                   Type           Power      Damage    Failure   Level
 Magic Dart               Conj           0%         1d3       16%         1
 Shock                    Conj/Air       0%         1d3       16%         1
 Blink                    Tloc           0%         N/A       22%         2
 Ensorcelled Hibernation  Hex/Ice        0%         N/A       22%         2
 Jinxbite                 Hex            0%         N/A       22%         2
 Lesser Beckoning         Tloc           0%         N/A       22%         2
 Momentum Strike          Conj/Tloc      0%         3d8       22%         2
 Searing Ray              Conj           0%         2d4       22%         2
 Confusing Touch          Hex            0%         N/A       41%         3
 Ignite Poison            Fire/Tmut/Pois 0%         N/A       41%         3
 Inner Flame              Hex/Fire       0%         N/A       41%         3
 Ozocubu's Armour         Ice            0%         N/A       41%         3
 Sigil of Binding         Hex            0%         N/A       41%         3
 Swiftness                Air            0%         N/A       41%         3
 Airstrike                Air            0%         2d(0-16)  78%         4
 Anguish                  Hex/Necr       0%         N/A       78%         4
 Cause Fear               Hex            0%         N/A       78%         4
 Dispel Undead            Necr           0%         3d6       78%         4
 Fulminant Prism          Conj/Hex       0%         3d5       78%         4
 Borgnjor's Vile Clutch   Necr/Erth      0%         N/A       97%         5
 Freezing Cloud           Conj/Ice/Air   0%         6-21      97%         5
 Yara's Violent Unravell  Hex/Tmut       0%         3d3       97%         5
 Eringya's Noxious Bog    Tmut/Pois      0%         4d6       100%        6
 Enfeeble                 Hex            0%         N/A       100%        7
 Ozocubu's Refrigeration  Ice            0%         4d7       100%        7
 Lehudib's Crystal Spear  Conj/Erth      0%         10d2      100%        8
 Cigotuvi's Dreadful Rot  Necr/Pois/Air  Unusable   N/A       N/A         2
 Summon Ice Beast         Ice/Summ       Unusable   N/A       N/A         4
 Summon Forest            Summ/Tloc      Unusable   N/A       N/A         5
 Death Channel            Necr           Unusable   N/A       N/A         6
 Haunt                    Necr/Summ      Unusable   N/A       N/A         7
 Summon Hydra             Summ           Unusable   N/A       N/A         7

Dungeon Overview and Level Annotations

Branches:
Dungeon (15/15)            Temple (0/1) D:7            Lair (5/5) D:10
 Shoals (0/4) Lair:3        Snake (1/4) Lair:2        Slime (0/5) Lair:5
    Orc (2/2) D:10            Elf (0/3) Orc:2        Vaults (0/5) D:14
 Depths (0/4) D:15          IceCv (visited)         Gauntlet (visited)

Altars:
Elyvilon
Hepliaklqana
Makhleb
Nemelex Xobeh
Okawaru
Qazlal
Uskayaw
Wu Jian
Yredelemnul
The Shining One
Jiyva

Shops:
D:4 !   D:6 !   D:10 (   D:12 *(**[   Orc:1 *   Orc:2 *([=

Annotations:
Snake:1 1 transporter


Innate Abilities, Weirdness & Mutations

You are immune to sickness and miasma.
Your stone body is resilient. (AC +12)
You are immune to poison.
Your large and strong wings let you fly.
You resist negative energy. (rN+)
You are resistant to electric shocks. (rElec)
You are resistant to unholy torment.
You are immune to petrification.


Message History

You block the black mamba's attack.
The mana viper bites you but does no damage.
You block the naga warrior's attack. The naga warrior constricts you.
The black mamba bites you but does no damage.
The naga ritualist hits you but does no damage.
The black mamba barely misses you.
You barely miss the black mamba. You block the black mamba's attack.
The mana viper bites you!
The salamander hits you with a +4 halberd.
You are engulfed in flames!
The black mamba bites you.
The black mamba bites you but does no damage.
You bludgeon the black mamba!!
The black mamba is severely wounded.
You block the black mamba's attack.
The mana viper bites you but does no damage.
You block the naga warrior's attack. The naga warrior constricts you.
You block the black mamba's attack. The black mamba barely misses you.
The naga ritualist hits you but does no damage.
The salamander hits you but does no damage.
You closely miss the mana viper. You block the black mamba's attack.
The black mamba barely misses you. The mana viper closely misses you.
The naga warrior spits poison at you. You block the splash of poison.
The naga warrior constricts you. The naga ritualist spits poison at you.
You block the splash of poison.
You barely miss the black mamba.
The black mamba bites you but does no damage.
You block the black mamba's attack.
The salamander hits you with a +4 halberd!
* * * LOW HITPOINT WARNING * * *
You are engulfed in flames!
* * * LOW HITPOINT WARNING * * *
You block the mana viper's attack. The mana viper barely misses you.
The black mamba barely misses you. You block the naga warrior's attack.
The naga warrior constricts you.
You closely miss the black mamba. The black mamba misses you.
You block the naga ritualist's attack. The mana viper closely misses you.
The black mamba closely misses you.
The salamander hits you with a +4 halberd!!
You die... .. #. ##.# ##..)# .....## ...S## #SSS#

#@S#
#..NNN#
##...##
##.##
#. ..
.. .#.


You could see a naga warrior (catching breath), a salamander (strong), a naga
ritualist (strong), 2 mana vipers and 3 black mambas.

Vanquished Creatures
  Frances (Snake:1)
  Agnes (Snake:1)
  Aizul (Snake:1)
  An orc warlord (Orc:1)
  2 reapers
  A minotaur (Gauntlet)
  Snorg (D:11)
  An entropy weaver (D:14)
  An ice dragon (D:13)
  6 hydras
  A peacekeeper (D:14)
  A sphinx zombie (D:15)
  An anaconda (Snake:1)
  A catoblepas (Lair:4)
  7 two-headed ogres
  4 centaur warriors
  A merfolk avatar (Lair:5)
  A vampire mage (D:15)
  3 boulder beetles
  3 death yaks (Lair:5)
  An orc high priest (Orc:2)
  A tengu warrior (D:14)
  A naga sharpshooter (Snake:1)
  Urug (Orc:2)
  A naga warrior (Snake:1)
  2 sun demons (D:14)
  A fire crab (shapeshifter) (D:15)
  3 skeletal warriors (D:15)
  2 skysharks
  Nergalle (Orc:2)
  A storm dragon skeleton (D:15)
  3 sea snakes
  A slime creature (D:14)
  3 deep elf pyromancers
  A lindwurm (Lair:5)
  An orc sorcerer (Orc:1)
  A harpy (Lair:5)
  2 orc knights (Orc:2)
  An oklob plant (Lair:3)
  A necromancer (D:14)
  A manticore (Lair:4)
  13 ugly things
  5 cyclopes
  14 elephants
  A water nymph (Lair:3)
  2 guardian serpents
  A torpor snail (Lair:5)
  An ice statue (IceCv)
  11 black mambas
  A naga mage (Snake:2)
  A gargoyle (D:13)
  An apocalypse crab (Gauntlet)
  2 minotaur zombies (Gauntlet)
  11 cane toads
  An unseen horror (D:12)
  Psyche (D:11)
  4 rime drakes
  A freezing wraith (D:13)
  2 anaconda simulacra (IceCv)
  An ice devil (IceCv)
  9 komodo dragons
  A tengu conjurer (D:14)
  A yaktaur (D:14)
  2 red devils (D:14)
  2 trolls
  10 polar bears
  6 hornets
  2 hellwings
  A queen bee (shapeshifter) (D:13)
  Grinder (D:3)
  A wind drake (Lair:4)
  7 blink frogs
  14 dream sheep
  3 wraiths
  A dire elephant simulacrum (IceCv)
  2 vampires (D:10)
  4 wyverns
  4 basilisks
  57 yaks
  3 death yak simulacra (IceCv)
  7 nagas
  A vampire mosquito (D:10)
  A warg (D:10)
  A harpy simulacrum (IceCv)
  A hydra simulacrum (IceCv)
  Edmund (D:4)
  4 acid dragons
  18 water moccasins
  22 orc warriors
  A black bear (D:5)
  3 centaurs
  7 ogres
  21 wolves
  A phantom (D:4)
  4 kobold brigands
  13 bullfrogs
  2 gnoll sergeants
  3 cane toad simulacra (IceCv)
  2 scorpions
  8 wights
  4 two-headed ogre simulacra (IceCv)
  4 killer bees
  3 elephant simulacra (IceCv)
  2 electric eels
  6 howler monkeys
  5 hounds
  2 jellies
  19 orc priests
  3 gnoll boudas
  Jessica (D:2)
  6 iguanas
  A sleepcap (D:5)
  29 orc wizards
  11 hell rats
  2 polar bear simulacra (IceCv)
  2 troll simulacra (IceCv)
  3 spriggan simulacra (IceCv)
  2 wolf simulacra (IceCv)
  2 human simulacra (D:14)
  Robin (D:1)
  24 gnolls
  4 adders
  7 naga simulacra (IceCv)
  10 river rats (Lair:3)
  2 shadow imps
  9 white imps
  9 ufetubi
  5 worms
  8 dart slugs
  52 orcs
  5 ball pythons
  8 endoplasms
  8 giant cockroaches
  14 goblins
  11 hobgoblins
  2 jackals (D:1)
  24 kobolds
  A quokka (D:2)
  A bat (D:3)
  2 frilled lizards
  11 rats
720 creatures vanquished.

Notes
Turn   | Place    | Note
-------+----------+-------------------------------------------
     0 | D:1      | Dittersdorf the Gargoyle Fighter began the quest for the
                  | Orb.
     0 | D:1      | Reached XP level 1. HP: 14/14 MP: 1/1
    95 | D:1      | Reached XP level 2. HP: 19/19 MP: 2/2
   291 | D:1      | Reached XP level 3. HP: 23/23 MP: 3/3
   567 | D:2      | Noticed Robin
   650 | D:1      | Killed Robin
   651 | D:1      | Reached XP level 4. HP: 29/29 MP: 4/4
   803 | D:2      | Noticed Jessica
   810 | D:2      | Killed Jessica
  1329 | D:3      | Reached XP level 5. HP: 29/33 MP: 5/5
  1386 | D:3      | Found a sparkling altar of Nemelex Xobeh.
  1397 | D:3      | Found an iron altar of Okawaru.
  1403 | D:3      | Became a worshipper of Warmaster Okawaru
  1490 | D:3      | Found a faded altar of an unknown god.
  1658 | D:3      | Noticed a +0 short sword
  1682 | D:3      | Noticed a +0 spear
  1682 | D:3      | Noticed a +0 dagger
  1682 | D:3      | Noticed a +0 falchion
  1682 | D:3      | Noticed a +0 spear
  1682 | D:3      | Noticed a +0 falchion
  1683 | D:3      | Noticed a +0 short sword
  1685 | D:3      | Noticed a +0 dagger
  1702 | D:3      | Found a hide-covered altar of Uskayaw.
  1750 | D:3      | You fall into a shaft and drop 1 floor!
  2054 | D:3      | Found a basalt altar of Yredelemnul.
  2056 | D:3      | Noticed Grinder
  2059 | D:3      | Paralysed by Grinder for 2 turns
  2076 | D:3      | Killed Grinder
  2077 | D:3      | Reached XP level 6. HP: 28/40 MP: 6/6
  2239 | D:4      | Noticed Edmund
  2250 | D:4      | Killed Edmund
  2250 | D:4      | Reached * piety under Okawaru
  2251 | D:4      | Reached skill level 5 in Fighting
  2251 | D:4      | Reached skill level 5 in Armour
  2251 | D:4      | Reached skill level 5 in Shields
  2251 | D:4      | Reached XP level 7. HP: 38/44 MP: 7/7
  2356 | D:4      | Found a hazy altar of Hepliaklqana.
  2502 | D:4      | Found Ferph's Distillery.
  2517 | D:4      | Bought a potion of heal wounds for 60 gold pieces
  2640 | D:4      | Found a white marble altar of Elyvilon.
  2832 | D:5      | Entered Level 5 of the Dungeon
  3143 | D:5      | Reached ** piety under Okawaru
  3144 | D:5      | Reached XP level 8. HP: 51/51 MP: 8/8
  3213 | D:5      | Reached skill level 5 in Maces & Flails
  3883 | D:6      | Found Intoa's Distillery.
  4229 | D:7      | Found a staircase to the Ecumenical Temple.
  4252 | D:7      | Reached *** piety under Okawaru
  4253 | D:7      | Reached XP level 9. HP: 37/56 MP: 9/9
  5112 | D:7      | Reached **** piety under Okawaru
  5295 | D:8      | Reached XP level 10. HP: 64/64 MP: 10/10
  5453 | D:8      | Found a burning altar of Makhleb.
  5874 | D:9      | Noticed a two-headed ogre
  5882 | D:9      | Killed a two-headed ogre
  5963 | D:9      | Reached ***** piety under Okawaru
  6905 | D:10     | Entered Level 10 of the Dungeon
  6991 | D:10     | Found a staircase to the Lair.
  7107 | D:10     | Reached XP level 11. HP: 71/71 MP: 11/11
  7246 | D:10     | Found a glowing golden altar of the Shining One.
  7370 | D:10     | Found a staircase to the Orcish Mines.
  7434 | D:10     | Found Xemnepo's Weapon Shoppe.
  7434 | D:10     | Noticed a two-headed ogre
  7688 | D:10     | Killed a two-headed ogre
  7689 | D:10     | Reached skill level 10 in Fighting
  7689 | D:10     | Reached skill level 10 in Armour
  7689 | D:10     | Reached skill level 10 in Shields
  7845 | Lair:1   | Entered Level 1 of the Lair of Beasts
  7864 | Lair:1   | Received a gift from Okawaru
  8132 | Lair:1   | Received a gift from Okawaru
  8255 | Lair:1   | Reached XP level 12. HP: 76/79 MP: 12/12
  8318 | Lair:1   | Reached ****** piety under Okawaru
  8330 | Lair:1   | Reached skill level 10 in Maces & Flails
  8438 | Lair:1   | Received a gift from Okawaru
  8832 | Gauntlet | Identified the "Ybluy"
  8832 | Gauntlet | Identified the "Paqicluf"
  8834 | Lair:2   | Identified a scroll of acquirement
  8834 | Lair:2   | Acquired 831 gold pieces
  8867 | Lair:2   | Found a gate leading to a gauntlet.
  8868 | Lair:2   | Identified the +7 scale mail "Toikkoed" {Str+3 Dex+2}
  8917 | Lair:2   | HP: 4/80 [elephant (9)]
  8939 | Lair:2   | HP: 4/80 [elephant (9)]
  9035 | Lair:2   | Received a gift from Okawaru
  9117 | Gauntlet | Entered a Gauntlet
  9117 | Gauntlet | Found a transporter.
  9120 | Gauntlet | Found a transporter.
  9137 | Gauntlet | Found a transporter.
  9140 | Gauntlet | Found a transporter.
  9148 | Gauntlet | Noticed a death yak
  9149 | Gauntlet | Noticed a death yak
  9150 | Gauntlet | Noticed a death yak
  9150 | Gauntlet | Noticed a death yak
  9151 | Gauntlet | Noticed a death yak
  9152 | Gauntlet | Noticed a death yak
  9158 | Gauntlet | Found a transporter.
  9171 | Gauntlet | Found a transporter.
  9176 | Gauntlet | Found a transporter.
  9180 | Gauntlet | Found a transporter.
  9203 | Gauntlet | Found a transporter.
  9220 | Gauntlet | Found a transporter.
  9224 | Gauntlet | Found a transporter.
  9225 | Gauntlet | Noticed a death scarab
  9226 | Gauntlet | Found a runed translucent gate.
  9226 | Gauntlet | Found a runed translucent gate.
  9226 | Gauntlet | Found a runed translucent gate.
  9228 | Gauntlet | Noticed a death scarab
  9232 | Gauntlet | Found a transporter.
  9245 | Gauntlet | Noticed a reaper
  9296 | Gauntlet | Killed a reaper
  9372 | Gauntlet | Identified the +1 pair of boots of the Blessed Realm {rElec
                  | SInv}
  9403 | Gauntlet | Identified the ring "Neduom" {Fire Fly Will+++ Slay-2 SInv}
  9413 | Gauntlet | Noticed a minotaur
  9422 | Gauntlet | Killed a minotaur
  9442 | Gauntlet | Received a gift from Okawaru
  9443 | Gauntlet | Reached XP level 13. HP: 83/86 MP: 13/13
  9883 | Lair:2   | Found a staircase to the Snake Pit.
 10550 | Lair:3   | Received a gift from Okawaru
 11756 | Lair:5   | Identified the "Vapnammo"
 11756 | Lair:5   | Entered Level 5 of the Lair of Beasts
 11907 | Lair:4   | Received a gift from Okawaru
 12053 | Lair:5   | Gained mutation: Your large and strong wings let you fly.
                  | [Gargoyle growth]
 12053 | Lair:5   | Reached XP level 14. HP: 84/94 MP: 14/14
 12804 | Lair:5   | Found a viscous altar of Jiyva.
 12804 | Lair:5   | Found a staircase to the Slime Pits.
 12853 | Lair:5   | Found the ring of the Octopus King
 12876 | Lair:5   | Identified a ring of the Octopus King {Wiz HP+2 AC+2 EV+2
                  | SH+2}
 12959 | Lair:5   | Received a gift from Okawaru
 13150 | Lair:5   | Learned a level 2 spell: Passwall
 13214 | Lair:5   | Received a gift from Okawaru
 13747 | Orc:1    | Entered Level 1 of the Orcish Mines
 13884 | Orc:2    | Entered Level 2 of the Orcish Mines
 14967 | Orc:1    | Found Qoamof's Overcharged Wands.
 15252 | Orc:2    | Found a staircase to the Elven Halls.
 15554 | Orc:2    | Noticed Urug
 15576 | Orc:2    | Killed Urug
 15598 | Orc:2    | Noticed Nergalle
 15608 | Orc:2    | Noticed an orc warlord
 15613 | Orc:2    | Killed Nergalle
 15657 | Orc:1    | Paralysed by an orc sorcerer for 5 turns
 15667 | Orc:1    | Received a gift from Okawaru
 15707 | Orc:1    | Killed an orc warlord
 15764 | Orc:2    | Found Uthricau's Antique Armour Shop.
 15801 | Orc:2    | Found Deroteh's General Store.
 15926 | Orc:2    | Found Nonar's Antique Weapon Shop.
 15984 | Orc:2    | Found Cyibai's Jewellery Shop.
 15990 | Orc:2    | Bought the ring of Buid {Wiz Will+ Str+2} for 655 gold
                  | pieces
 16144 | D:11     | Noticed Snorg
 16161 | D:11     | Killed Snorg
 16162 | D:11     | Reached XP level 15. HP: 60/101 MP: 15/15
 16372 | D:11     | Found an ornate altar of the Wu Jian Council.
 16418 | D:11     | Noticed Psyche
 16424 | D:11     | Killed Psyche
 17127 | D:12     | Found Atafoa's Assorted Antiques.
 17128 | D:12     | Found Cist's Antique Weapon Boutique.
 17131 | D:12     | Found Notruaps's Assorted Antiques.
 17131 | D:12     | Found Sovvuysh's Antique Armour Emporium.
 17379 | D:12     | Found Nibiqaap's Assorted Antiques.
 17387 | D:12     | Bought a scroll of acquirement for 1508 gold pieces
 17387 | D:12     | Acquired a +0 eveningstar of protection
 17497 | D:12     | Bought a scroll of enchant weapon for 202 gold pieces
 17779 | D:13     | Found a frozen archway.
 17797 | D:13     | Reached skill level 15 in Shields
 17808 | D:13     | Reached skill level 15 in Armour
 17843 | IceCv    | Entered an ice cave
 17890 | IceCv    | Reached skill level 15 in Fighting
 18083 | IceCv    | Received a gift from Okawaru
 18781 | D:13     | Identified the orb of Amorous Creativity {*channel, Regen+
                  | Str+2}
 19026 | D:14     | Received a gift from Okawaru
 19302 | D:14     | Found a gate to the Vaults.
 19443 | D:14     | Found a stormy altar of Qazlal.
 19847 | D:14     | Identified the +1 robe "Kaygoqun" {Contam Harm rCorr}
 19935 | D:15     | Entered Level 15 of the Dungeon
 20203 | D:15     | Received a gift from Okawaru
 20206 | D:15     | Found a staircase to the Depths.
 20477 | D:15     | Reached XP level 16. HP: 67/109 MP: 16/16
 20822 | Snake:1  | Identified the "Xepn"
 20822 | Snake:1  | Entered Level 1 of the Snake Pit
 20873 | Snake:1  | Noticed Agnes
 20875 | Snake:1  | Noticed Frances
 20886 | Snake:1  | Killed Agnes
 20899 | Snake:1  | Killed Frances
 20961 | Snake:1  | Identified the serpent talisman of the Sailor {rPois rF-
                  | Str+2 Dex+3}
 20961 | Snake:1  | Noticed Aizul
 20998 | Snake:1  | Killed Aizul
 21197 | Snake:1  | Found a transporter.
 21246 | Snake:1  | You are sucked into a shaft and drop 1 floor!
 21268 | Snake:2  | Slain by a salamander

Illustrated notes

Levels and vault maps discovered:
D:1:      dpeg_arrival_fog, layout_rooms, corexii_corridor_pit
D:2:      layout_basic, uniq_robin, uniq_jessica
D:3:      layout_loops_cross, okawaru_metal_pillars_3, lemuel_round_altar,
          nicolae_uskayaw_en_pointe, general_overflow_altar,
          hellmonk_ecumenical_altar_crossroads, uniq_grinder
D:4:      layout_loops_ring, mainiacjoe_overflow_cross_hatched,
          nicolae_elyvilon_peaceful_grove, serial_shops, shop_fountains,
          uniq_edmund
D:5:      layout_rooms, lightli_minifort
D:6:      layout_cave_pools, serial_shops, shop, hangedman_decor_growths
D:7:      layout_loops_ring, minmay_temple_entry_butterflies
D:8:      layout_gridville, makhleb_blood_cavern_becter
D:9:      layout_loops_corners
D:10:     layout_loops_ring, tso_oasis_becter, due_lair_maze_entry_diamond,
          fountainhead, kennysheep_windowed_goal
D:11:     layout_roguey, nzn_wu_jian_council_hall, uniq_snorg, uniq_psyche
D:12:     layout_irregular_city, serial_shops, nicolae_diamond_shop,
          nicolae_wooded_promenade
D:13:     layout_big_octagon, portal_ice_cave_entry_animals_and_master
D:14:     layout_gridville, hellmonk_vaults_order_and_chaos, serial_demonic,
          serial_demonic_f, serial_demonic_e, serial_demonic_a,
          serial_demonic_g, grunt_qazlal_clouds, bh_circular_ruins
D:15:     gammafunk_depths_entry_grave, layout_rooms, grunt_decor_resistance
Lair:1:   layout_long_grid, chequers_serial_rivers_micro_c, grunt_megastairs_1,
          serial_bayou_shore_a, lemuel_fruit_tree
Lair:2:   layout_cave_shapes, nicolae_snake_entry_squirm,
          gauntlet_entry_generic, serial_bayou_pond_b, serial_bayou_pond_b
Lair:3:   layout_roguey, nicolae_shoals_entry_flooding,
          kennysheep_abandoned_house
Lair:4:   layout_roguey
Lair:5:   gammafunk_lair_ancient_temple, layout_long_grid,
          dpeg_slime_entry_enclosed, nicolae_lair_grove_arrangements,
          st_stairs_6, hellmonk_talismancer
Snake:1:  gammafunk_its_a_trap, layout_basic, uniq_agnes, uniq_frances,
          uniq_aizul
Snake:2:  layout_grid_shapes, hangedman_snake_pattern, nicolae_snake_double_loop
Orc:1:    layout_caves, nicolae_shop_overcharged_wands
Orc:2:    grunt_orc_cross, layout_caves

Skill      XL: |  1  2  3  4  5  6  7  8  9 10 11 12 13 14 15 16 |
---------------+-------------------------------------------------+-----
Fighting       | 4 5 6 8 9 10 12 13 14 15 16 | 16.0
Armour         | 4 5 6 8 9 10 12 13 14 15 16 | 16.0
Shields        | 4 5 6 8 9 10 12 13 14 15 16 | 16.1
Maces & Flails | 3 4 5 7 8 9 11 12 13 14 | 14.7

Action                     |  1- 3 |  4- 6 |  7- 9 | 10-12 | 13-15 | 16-18 || total
---------------------------+-------+-------+-------+-------+-------+-------++-------
  Melee: Flail             |   117 |   160 |   568 |   765 |  1174 |       ||  2784
         Eveningstar       |       |       |       |       |   497 |   144 ||   641
  Throw: Dart              |       |     4 |     7 |     5 |       |       ||    16
 Invoke: Heroism           |       |       |       |     6 |     5 |     3 ||    14
    Use: Scroll            |       |     4 |     6 |     9 |    14 |       ||    33
         Potion            |       |       |       |       |     6 |       ||     6
   Stab: Petrified         |       |       |       |       |     3 |       ||     3
 Armour: Scale mail        |   146 |   117 |    46 |    93 |  1394 |   130 ||  1926
         Chain mail        |       |       |   544 |   706 |     3 |       ||  1253
         Ice dragon scales |       |       |       |       |    66 |       ||    66
  Dodge: Dodged            |    93 |    69 |   251 |   308 |   815 |    64 ||  1600
  Block: Buckler           |    38 |    29 |   164 |   257 |   567 |       ||  1055
         Kite shield       |       |       |       |       |   428 |   155 ||   583

Table legend: (Time is in decaauts)
 A = Elapsed time spent in this place.
 B = Non-inter-level travel time spent in this place.
 C = Inter-level travel time spent in this place.
 D = Time resting spent in this place.
 E = Time spent auto-exploring this place.
 F = Levels seen in this place.
 G = Mean time per level.
                   A        B        C        D        E       F      G
               +--------+--------+--------+--------+--------+-----+--------+
         Total |  21134 |  19921 |   1213 |   1879 |  11810 |  26 |  812.8 |
       Dungeon |  11998 |  11180 |    818 |    404 |   7485 |  15 |  799.9 |
          Lair |   5465 |   5155 |    310 |    581 |   2930 |   5 | 1093.0 |
     Snake Pit |    433 |    433 |      0 |     61 |    217 |   2 |  216.5 |
  Orcish Mines |   2265 |   2182 |     83 |    757 |    760 |   2 | 1132.5 |
      Ice Cave |    620 |    620 |      0 |     20 |    281 |   1 |  620.0 |
      Gauntlet |    350 |    350 |      0 |     56 |    136 |   1 |  350.0 |
               +--------+--------+--------+--------+--------+-----+--------+

Top non-repeatable levels by time:
   Orc:2: 1692 daAuts
  Lair:5: 1626 daAuts
  Lair:1: 1091 daAuts
    D:14: 1042 daAuts
     D:9: 1020 daAuts
    D:10: 992 daAuts
     D:7: 964 daAuts
  Lair:4: 945 daAuts
  Lair:2: 909 daAuts
     D:8: 894 daAuts
  Lair:3: 894 daAuts
    D:12: 856 daAuts
     D:3: 845 daAuts
     D:5: 808 daAuts
     D:2: 791 daAuts
